Washington Capitals vs Tampa Bay Lightning
Created - Tuesday, April 16, 2024 at 07:18
Goals
|
| Washington Capitals |
0 |
1 |
0 |
1 |
| Tampa Bay Lightning |
0 |
0 |
2 |
2 |
|
Shots
|
| Washington Capitals |
10 |
10 |
10 |
30 |
| Tampa Bay Lightning |
8 |
11 |
11 |
30 |
|
1st period
No Goal
Penalties :
Travis Konecny (TBL) for Hooking (Minor) at 6:10, Travis Konecny (TBL) for Roughing (Minor) at 12:09, Brad Marchand (WSH) for Goalie Interference (Minor) at 17:53
2nd period
1. Washington Capitals , Dominik Kubalik 6 (Nico Hischier 26) at 15:10
Penalties :
Ian Cole (WSH) for Interference (Minor) at 2:31, Ian Cole (WSH) for Hooking (Minor) at 12:42
3rd period
2. Tampa Bay Lightning , Blake Lizotte 1 (Moritz Seider 11, Gustav Nyquist 8) at 14:17
3. Tampa Bay Lightning , Johnny Gaudreau 26 (Anze Kopitar 34) at 15:57
Penalties :
Hampus Lindholm (TBL) for High sticking (Minor) at 0:05, Ian Cole (WSH) for Hooking (Minor) at 7:37
Goalie Stats
Jake Oettinger (WSH), 28 saves from 30 shots - (0.933), L, 18-19-4, 58:59 minutes
Filip Gustavsson (TBL), 29 saves from 30 shots - (0.967), W, 26-10-2, 60:00 minutes
Players Stats for Washington Capitals
Player Name G A P +/- PIM S H SB GA TA FO MP PP MP PK MP
------------------------------------------------------------------------------------
Alex Ovechkin 0 0 0 -1 0 4 5 0 0 0 0/0 17:42 3:05 0:00
Brad Marchand 0 0 0 0 2 3 1 0 0 0 0/0 14:48 0:00 2:50
Brayden Point 0 0 0 -1 0 6 0 1 0 0 13/33 17:42 3:05 0:00
Dominik Kubalik 1 0 1 0 0 3 0 0 0 0 0/1 14:42 0:32 2:56
Drake Batherson 0 0 0 -1 0 3 1 0 2 0 0/0 13:30 2:39 0:00
Dylan DeMelo 0 0 0 -1 0 0 0 1 0 1 0/0 16:54 0:00 3:09
Erik Johnson 0 0 0 0 0 0 1 1 0 0 0/0 21:39 2:02 3:01
Ian Cole 0 0 0 0 6 2 1 3 0 0 0/0 22:33 3:55 1:00
Isac Lundestrom 0 0 0 0 0 0 1 0 0 0 4/4 9:50 0:00 2:00
Jason Robertson 0 0 0 -1 0 2 0 1 1 0 2/3 17:39 3:04 0:00
John Carlson 0 0 0 0 0 1 1 3 0 0 0/0 24:42 3:55 4:47
Jordan Kyrou 0 0 0 0 0 2 0 0 1 0 0/0 8:31 0:13 0:00
Michael Mcleod 0 0 0 -1 0 0 1 0 0 0 0/10 13:46 0:00 3:57
Nick Foligno 0 0 0 0 0 1 1 0 0 0 0/0 13:03 0:46 3:40
Nick Jensen 0 0 0 1 0 0 0 0 0 0 0/0 22:14 2:02 3:46
Nico Hischier 0 1 1 1 0 0 0 0 0 0 1/2 15:18 2:15 0:29
Owen Tippett 0 0 0 0 0 1 2 0 0 1 0/0 14:11 2:12 0:00
Thomas Harley 0 0 0 -1 0 2 0 0 0 2 0/0 13:16 0:00 0:09
Players Stats for Tampa Bay Lightning
Player Name G A P +/- PIM S H SB GA TA FO MP PP MP PK MP
------------------------------------------------------------------------------------
Anze Kopitar 0 1 1 1 0 1 2 2 0 0 12/19 19:10 3:23 0:10
Blake Lizotte 1 0 1 0 0 2 1 0 0 0 2/3 7:27 0:00 0:00
Darnell Nurse 0 0 0 2 0 1 1 3 0 0 0/0 25:16 2:56 1:41
Dylan Cozens 0 0 0 0 0 1 0 1 0 0 1/1 14:51 0:25 2:51
Gustav Nyquist 0 1 1 0 0 2 0 0 0 0 0/1 10:46 0:00 2:56
Hampus Lindholm 0 0 0 1 2 2 1 2 0 0 0/0 22:53 2:40 1:01
Johnny Gaudreau 1 0 1 1 0 3 2 0 1 0 1/1 18:17 4:33 0:00
Kirill Kaprizov 0 0 0 1 0 3 3 0 0 0 1/1 19:10 3:23 0:10
Logan Couture 0 0 0 0 0 1 1 0 0 0 10/18 18:49 4:33 2:56
Michael Matheson 0 0 0 -1 0 0 1 1 0 2 0/0 12:53 0:16 0:00
Moritz Seider 0 1 1 1 0 3 1 0 0 0 0/0 23:30 5:00 3:15
Roope Hintz 0 0 0 0 0 3 0 0 2 0 0/1 14:43 2:58 0:00
Ryan Graves 0 0 0 0 0 0 1 2 0 0 0/0 18:09 5:00 3:15
Tomas Hertl 0 0 0 0 0 0 3 0 0 0 6/8 11:24 0:00 0:00
Travis Konecny 0 0 0 0 4 3 5 1 1 1 0/0 17:15 4:33 0:00
Trevor Moore 0 0 0 0 0 2 1 0 0 1 0/0 10:37 0:00 2:51
Tyler Toffoli 0 0 0 0 0 2 1 0 0 0 0/0 11:24 0:00 0:00
Vladislav Gavrikov 0 0 0 -1 0 1 3 0 0 0 0/0 17:26 0:00 2:42
3 Stars
1 - Filip Gustavsson (TBL)
2 - Johnny Gaudreau (TBL)
3 - Blake Lizotte (TBL)
Power Play
Washington Capitals - 0 on 3 Attempt(s) - 0.00%
Tampa Bay Lightning - 0 on 4 Attempt(s) - 0.00%
Penalty Kill
Washington Capitals - 4 on 4 Attempt(s) - 100.00%
- Score 0 goal in Penalty Kill
Tampa Bay Lightning - 3 on 3 Attempt(s) - 100.00%
- Score 0 goal in Penalty Kill
Team Stat
Washington Capitals - Hits : 15 - Faceoff Wins : 20 - Blocked Shots : 10 - Penalty Minutes : 8
Tampa Bay Lightning - Hits : 27 - Faceoff Wins : 33 - Blocked Shots : 12 - Penalty Minutes : 6
Official
Referees : Brian Pochmara and Dennis LaRue
Linesman : Shandor Alphonso and John Grandt
Game Notes
No Game Note
Finance
Level 1 -- Attendance: 6000 (100.00%) -- Ticket Income $570,000
Level 2 -- Attendance: 4876 (97.52%) -- Ticket Income $268,180
Level 3 -- Attendance: 2667 (88.90%) -- Ticket Income $85,344
Level 4 -- Attendance: 5000 (100.00%) -- Ticket Income $110,000
Luxury Box -- Attendance: 1000 (100.00%) -- Ticket Income $193,000
Game was played at the Tampa Bay Times Forum.
Total Attendance: 19543 (97.72%)
Total Ticket Income: $1,226,524
Other Income: $429,283
Total Income: $1,655,807
Washington Capitals
5 vs 5 Forward
Center Left Wing Right Wing Time % Phy DF OF
1 Brayden Point Alex Ovechkin Jason Robertson 40 1 1 3
2 Nico Hischier Brad Marchand Owen Tippett 30 1 1 3
3 Michael Mcleod Dominik Kubalik Drake Batherson 20 1 1 3
4 Isac Lundestrom Nick Foligno Jordan Kyrou 10 1 1 3
5 vs 5 Defense
Defense Defense Time % Phy DF OF
1 John Carlson Ian Cole 35 2 3 0
2 Erik Johnson Nick Jensen 35 2 3 0
3 Dylan DeMelo Thomas Harley 30 2 3 0
4 John Carlson Ian Cole 0 2 3 0
PowerPlay Forward
Center Left Wing Right Wing Time % Phy DF OF
1 Brayden Point Alex Ovechkin Jason Robertson 60 1 2 2
2 Nico Hischier Owen Tippett Drake Batherson 40 1 2 2
PowerPlay Defense
Defense Defense Time % Phy DF OF
1 Ian Cole John Carlson 60 1 2 2
2 Erik Johnson Nick Jensen 40 1 2 2
Penalty Kill 4 Players Forward
Center Wing Time % Phy DF OF
1 Michael Mcleod Brad Marchand 60 1 2 2
2 Isac Lundestrom Nick Foligno 40 1 2 2
Penalty Kill 4 Players Defense
Defense Defense Time % Phy DF OF
1 John Carlson Ian Cole 60 1 2 2
2 Nick Jensen Dylan DeMelo 40 1 2 2
Penalty Kill - 3 Players Forward
Forward Time % Phy DF OF
1 Michael Mcleod 60 1 2 2
2 Isac Lundestrom 40 1 2 2
Penalty Kill - 3 Players Defense
Defense Defense Time % Phy DF OF
1 John Carlson Ian Cole 60 1 2 2
2 Erik Johnson Nick Jensen 40 1 2 2
4 vs 4 Forward
Center Wing Time % Phy DF OF
1 Brayden Point Alex Ovechkin 60 1 2 2
2 Nico Hischier Jason Robertson 40 1 2 2
4 vs 4 Defense
Defense Defense Time % Phy DF OF
1 Ian Cole John Carlson 60 1 2 2
2 Erik Johnson Thomas Harley 40 1 2 2
Last Minutes Offensive
Center Left Wing Right Wing Defense Defense
Brayden Point Alex Ovechkin Jason Robertson Ian Cole John Carlson
Last Minutes Defensive
Center Left Wing Right Wing Defense Defense
Nico Hischier Brad Marchand Nick Foligno Nick Jensen Ian Cole
Goaltenders
Starting : Jake Oettinger
Backup : Sergei Bobrovsky
Extra Forwards
Normal : Jordan Kyrou, Drake Batherson, Dominik Kubalik - PP : Owen Tippett, Brayden Point - PK : Dominik Kubalik
Extra Defensemen
Normal : Erik Johnson, John Carlson, Ian Cole - PP : Ian Cole - PK : Erik Johnson, Ian Cole
Penalty Shots
Jason Robertson, Drake Batherson, Brayden Point, Alex Ovechkin, Nico Hischier
Tampa Bay Lightning
5 vs 5 Forward
Center Left Wing Right Wing Time % Phy DF OF
1 Anze Kopitar Johnny Gaudreau Kirill Kaprizov 40 1 2 2
2 Logan Couture Dylan Cozens Travis Konecny 35 1 2 2
3 Tomas Hertl Roope Hintz Tyler Toffoli 20 1 2 2
4 Blake Lizotte Trevor Moore Gustav Nyquist 5 1 2 2
5 vs 5 Defense
Defense Defense Time % Phy DF OF
1 Darnell Nurse Moritz Seider 30 1 2 2
2 Vladislav Gavrikov Hampus Lindholm 30 1 2 2
3 Michael Matheson Ryan Graves 25 1 2 2
4 Darnell Nurse Hampus Lindholm 15 1 2 2
PowerPlay Forward
Center Left Wing Right Wing Time % Phy DF OF
1 Logan Couture Johnny Gaudreau Travis Konecny 50 1 0 4
2 Anze Kopitar Roope Hintz Kirill Kaprizov 50 1 0 4
PowerPlay Defense
Defense Defense Time % Phy DF OF
1 Moritz Seider Ryan Graves 50 1 2 2
2 Darnell Nurse Hampus Lindholm 50 1 2 2
Penalty Kill 4 Players Forward
Center Wing Time % Phy DF OF
1 Logan Couture Gustav Nyquist 50 1 2 2
2 Dylan Cozens Trevor Moore 50 1 2 2
Penalty Kill 4 Players Defense
Defense Defense Time % Phy DF OF
1 Vladislav Gavrikov Darnell Nurse 50 1 2 2
2 Ryan Graves Moritz Seider 50 1 2 2
Penalty Kill - 3 Players Forward
Forward Time % Phy DF OF
1 Anze Kopitar 50 1 2 2
2 Logan Couture 50 1 2 2
Penalty Kill - 3 Players Defense
Defense Defense Time % Phy DF OF
1 Vladislav Gavrikov Darnell Nurse 50 1 2 2
2 Ryan Graves Moritz Seider 50 1 2 2
4 vs 4 Forward
Center Wing Time % Phy DF OF
1 Anze Kopitar Dylan Cozens 50 1 2 2
2 Logan Couture Tomas Hertl 50 1 2 2
4 vs 4 Defense
Defense Defense Time % Phy DF OF
1 Darnell Nurse Hampus Lindholm 50 1 2 2
2 Moritz Seider Vladislav Gavrikov 50 1 2 2
Last Minutes Offensive
Center Left Wing Right Wing Defense Defense
Anze Kopitar Kirill Kaprizov Travis Konecny Darnell Nurse Hampus Lindholm
Last Minutes Defensive
Center Left Wing Right Wing Defense Defense
Anze Kopitar Kirill Kaprizov Travis Konecny Darnell Nurse Hampus Lindholm
Goaltenders
Starting : Filip Gustavsson
Backup : Jeremy Swayman
Extra Forwards
Normal : Dylan Cozens, Trevor Moore, Roope Hintz - PP : Dylan Cozens, Tyler Toffoli - PK : Anze Kopitar
Extra Defensemen
Normal : Moritz Seider, Darnell Nurse, Vladislav Gavrikov - PP : Ryan Graves - PK : Hampus Lindholm, Darnell Nurse
Penalty Shots
Gustav Nyquist, Kirill Kaprizov, Logan Couture, Trevor Moore, Anze Kopitar
% Time on Ice - Washington Capitals
Lines # - Real PCT - Wanted PCT - Time Play
Normal Forward
1 - 32% - 40% - 14:28
2 - 28% - 30% - 12:54
3 - 22% - 20% - 9:46
4 - 18% - 10% - 8:14
Normal Defense
1 - 36% - 35% - 16:23
2 - 35% - 35% - 15:55
3 - 29% - 30% - 13:04
4 - 0% - 0% - 0:00
PP Forward
1 - 55% - 60% - 3:18
2 - 45% - 40% - 2:39
PP Defense
1 - 66% - 60% - 3:55
2 - 34% - 40% - 2:02
PK Forward
1 - 82% - 60% - 6:28
2 - 18% - 40% - 1:28
PK Defense
1 - 71% - 60% - 5:36
2 - 29% - 40% - 2:20
PK3 Forward
1 - 0% - 60%
2 - 0% - 40%
PK3 Defense
1 - 0% - 60%
2 - 0% - 40%
44 Forward
1 - 0% - 60%
2 - 0% - 40%
44 Defense
1 - 0% - 60%
2 - 0% - 40%
Last Minute Offensive - 0:45
Last Minute Defensive - 0:00
Total
Forward - 60:00
Defense - 60:00
|
% Time on Ice - Tampa Bay Lightning
Lines # - Real PCT - Wanted PCT - Time Play
Normal Forward
1 - 33% - 40% - 14:41
2 - 25% - 35% - 11:20
3 - 25% - 20% - 11:24
4 - 17% - 5% - 7:27
Normal Defense
1 - 31% - 30% - 13:44
2 - 31% - 30% - 14:04
3 - 27% - 25% - 12:14
4 - 11% - 15% - 4:50
PP Forward
1 - 57% - 50% - 4:33
2 - 43% - 50% - 3:23
PP Defense
1 - 63% - 50% - 5:00
2 - 37% - 50% - 2:56
PK Forward
1 - 52% - 50% - 3:06
2 - 48% - 50% - 2:51
PK Defense
1 - 45% - 50% - 2:42
2 - 55% - 50% - 3:15
PK3 Forward
1 - 0% - 50%
2 - 0% - 50%
PK3 Defense
1 - 0% - 50%
2 - 0% - 50%
44 Forward
1 - 0% - 50%
2 - 0% - 50%
44 Defense
1 - 0% - 50%
2 - 0% - 50%
Last Minute Offensive - 0:00
Last Minute Defensive - 1:15
Total
Forward - 60:00
Defense - 60:00
|
Play-by-Play
1st period
0:01 of 1st period - Anze Kopitar wins face-off versus Brayden Point in neutral zone.
0:26 of 1st period - Nico Hischier is hit by Travis Konecny and loses puck.
0:49 of 1st period - Wrist shot by Drake Batherson.
0:49 of 1st period - Stopped by Filip Gustavsson with a rebound.
0:55 of 1st period - Michael Mcleod is hit by Tyler Toffoli and loses puck.
1:09 of 1st period - Off-side.
1:10 of 1st period - Isac Lundestrom wins face-off versus Gustav Nyquist in neutral zone.
1:46 of 1st period - Wrist shot by Brayden Point.
1:46 of 1st period - Stopped by Filip Gustavsson without a rebound.
1:47 of 1st period - Nico Hischier wins face-off versus Logan Couture in Tampa Bay Lightning zone.
1:50 of 1st period - Wrist shot by Brad Marchand.
1:50 of 1st period - Shot Misses the Net.
1:52 of 1st period - Snap shot by Nico Hischier.
1:52 of 1st period - Shot Misses the Net.
2:02 of 1st period - Wrist shot by Owen Tippett.
2:02 of 1st period - Stopped by Filip Gustavsson with a rebound.
2:04 of 1st period - Slapshot by Thomas Harley.
2:04 of 1st period - Stopped by Filip Gustavsson without a rebound.
2:05 of 1st period - Brayden Point wins face-off versus Anze Kopitar in Tampa Bay Lightning zone.
2:10 of 1st period - Wrist shot by Jason Robertson.
2:10 of 1st period - Shot Misses the Net.
2:32 of 1st period - Nick Jensen is hit by Travis Konecny and loses puck.
2:59 of 1st period - Snap shot by Nico Hischier.
2:59 of 1st period - Shot Blocked by Hampus Lindholm.
3:11 of 1st period - Nick Jensen is hit by Vladislav Gavrikov and loses puck.
3:28 of 1st period - Wrist shot by Roope Hintz.
3:28 of 1st period - Shot Misses the Net.
3:48 of 1st period - Wrist shot by Roope Hintz.
3:48 of 1st period - Stopped by Jake Oettinger without a rebound.
3:49 of 1st period - Jason Robertson wins face-off versus Anze Kopitar in Washington Capitals zone.
3:49 of 1st period - Jason Robertson is hit by Kirill Kaprizov.
4:15 of 1st period - Thomas Harley is hit by Travis Konecny and loses puck.
4:26 of 1st period - Snap shot by Logan Couture.
4:26 of 1st period - Shot Blocked by Dylan DeMelo.
4:46 of 1st period - Snap shot by Trevor Moore.
4:46 of 1st period - Shot Blocked by Ian Cole.
5:07 of 1st period - Anze Kopitar is hit by Alex Ovechkin and loses puck.
5:24 of 1st period - Wrist shot by Travis Konecny.
5:24 of 1st period - Shot Misses the Net.
5:26 of 1st period - Snap shot by Logan Couture.
5:26 of 1st period - Stopped by Jake Oettinger without a rebound.
5:27 of 1st period - Logan Couture wins face-off versus Michael Mcleod in Washington Capitals zone.
5:28 of 1st period - Slapshot by Travis Konecny.
5:28 of 1st period - Deflect By Dylan Cozens.
5:28 of 1st period - Deflect By John Carlson.
5:28 of 1st period - Shot Blocked by John Carlson.
5:28 of 1st period - Puck is out of play.
5:29 of 1st period - Brayden Point wins face-off versus Logan Couture in Washington Capitals zone.
5:34 of 1st period - Snap shot by Alex Ovechkin.
5:34 of 1st period - Shot Blocked by Dylan Cozens.
5:36 of 1st period - Snap shot by Alex Ovechkin.
5:36 of 1st period - Stopped by Filip Gustavsson without a rebound.
5:37 of 1st period - Anze Kopitar wins face-off versus Jason Robertson in Tampa Bay Lightning zone.
5:44 of 1st period - Slapshot by Anze Kopitar.
5:44 of 1st period - Shot Misses the Net.
6:08 of 1st period - Snap shot by Brad Marchand.
6:08 of 1st period - Stopped by Filip Gustavsson with a rebound.
6:10 of 1st period - Minor Penalty to Travis Konecny for Hooking.
6:11 of 1st period - Logan Couture wins face-off versus Brayden Point in Tampa Bay Lightning zone.
6:11 of 1st period - Logan Couture is hit by Alex Ovechkin.
6:23 of 1st period - Wrist shot by Jason Robertson.
6:23 of 1st period - Shot Misses the Net.
6:25 of 1st period - Wrist shot by Brayden Point.
6:25 of 1st period - Stopped by Filip Gustavsson with a rebound.
8:10 of 1st period - Penalty to Travis Konecny is over, Travis Konecny is back on ice.
8:36 of 1st period - Dylan DeMelo is hit by Tomas Hertl and loses puck.
8:45 of 1st period - Snap shot by Tyler Toffoli.
8:45 of 1st period - Stopped by Jake Oettinger without a rebound.
8:46 of 1st period - Isac Lundestrom wins face-off versus Anze Kopitar in Washington Capitals zone.
8:46 of 1st period - Isac Lundestrom is hit by Johnny Gaudreau.
9:10 of 1st period - Roope Hintz is hit by Owen Tippett and loses puck.
9:19 of 1st period - Slapshot by Nico Hischier.
9:19 of 1st period - Shot Misses the Net.
9:29 of 1st period - Slapshot by Brayden Point.
9:29 of 1st period - Stopped by Filip Gustavsson without a rebound.
9:30 of 1st period - Logan Couture wins face-off versus Brayden Point in Tampa Bay Lightning zone.
9:37 of 1st period - Snap shot by Travis Konecny.
9:37 of 1st period - Shot Blocked by Jason Robertson.
9:39 of 1st period - Backhand shot by Travis Konecny.
9:39 of 1st period - Stopped by Jake Oettinger without a rebound.
9:40 of 1st period - Logan Couture wins face-off versus Brayden Point in Washington Capitals zone.
9:43 of 1st period - Slapshot by Travis Konecny.
9:43 of 1st period - Shot Blocked by Brayden Point.
10:06 of 1st period - Off-side.
10:07 of 1st period - Kirill Kaprizov wins face-off versus Nico Hischier in neutral zone.
10:32 of 1st period - Wrist shot by Owen Tippett.
10:32 of 1st period - Shot Blocked by Anze Kopitar.
10:42 of 1st period - Wrist shot by Nico Hischier.
10:42 of 1st period - Shot Misses the Net.
11:20 of 1st period - Snap shot by Kirill Kaprizov.
11:20 of 1st period - Shot Misses the Net.
12:00 of 1st period - Snap shot by Brad Marchand.
12:00 of 1st period - Stopped by Filip Gustavsson without a rebound.
12:01 of 1st period - Brayden Point wins face-off versus Logan Couture in Tampa Bay Lightning zone.
12:09 of 1st period - Minor Penalty to Travis Konecny for Roughing.
12:10 of 1st period - Brayden Point wins face-off versus Logan Couture in Tampa Bay Lightning zone.
12:10 of 1st period - Snap shot by Jason Robertson.
12:10 of 1st period - Shot Misses the Net.
12:12 of 1st period - Snap shot by Alex Ovechkin.
12:12 of 1st period - Stopped by Filip Gustavsson without a rebound.
12:13 of 1st period - Brayden Point wins face-off versus Logan Couture in Tampa Bay Lightning zone.
14:09 of 1st period - Penalty to Travis Konecny is over, Travis Konecny is back on ice.
14:19 of 1st period - Snap shot by Kirill Kaprizov.
14:19 of 1st period - Shot Misses the Net.
14:21 of 1st period - Slapshot by Anze Kopitar.
14:21 of 1st period - Deflect By Kirill Kaprizov.
14:21 of 1st period - Stopped by Jake Oettinger without a rebound.
14:22 of 1st period - Tomas Hertl wins face-off versus Michael Mcleod in Washington Capitals zone.
15:57 of 1st period - Nick Foligno is hit by Michael Matheson and loses puck.
16:34 of 1st period - Wrist shot by Roope Hintz.
16:34 of 1st period - Stopped by Jake Oettinger with a rebound.
16:36 of 1st period - Slapshot by Darnell Nurse.
16:36 of 1st period - Stopped by Jake Oettinger without a rebound.
16:37 of 1st period - Tomas Hertl wins face-off versus Brayden Point in Washington Capitals zone.
17:04 of 1st period - Hampus Lindholm is hit by Owen Tippett and loses puck.
17:35 of 1st period - Nick Jensen is hit by Moritz Seider and loses puck.
17:42 of 1st period - Snap shot by Roope Hintz.
17:42 of 1st period - Shot Misses the Net.
17:53 of 1st period - Minor Penalty to Brad Marchand for Goalie Interference.
17:54 of 1st period - Johnny Gaudreau wins face-off versus Michael Mcleod in Washington Capitals zone.
17:56 of 1st period - Wrist shot by Travis Konecny.
17:56 of 1st period - Stopped by Jake Oettinger with a rebound.
18:29 of 1st period - Snap shot by Anze Kopitar.
18:29 of 1st period - Shot Misses the Net.
18:47 of 1st period - Icing by Hampus Lindholm.
18:48 of 1st period - Isac Lundestrom wins face-off versus Logan Couture in Tampa Bay Lightning zone.
19:53 of 1st period - Penalty to Brad Marchand is over, Brad Marchand is back on ice.
Goals for this period are 0 for Washington Capitals vs 0 for Tampa Bay Lightning.
Shots for this period are 10 for Washington Capitals vs 8 for Tampa Bay Lightning.
2nd period
0:01 of 2nd period - Logan Couture wins face-off versus Brayden Point in neutral zone.
0:26 of 2nd period - Dominik Kubalik is hit by Vladislav Gavrikov.
0:30 of 2nd period - Hampus Lindholm is hit by Michael Mcleod and loses puck.
0:51 of 2nd period - Isac Lundestrom is hit by Tomas Hertl and loses puck.
1:40 of 2nd period - Snap shot by Dylan Cozens.
1:40 of 2nd period - Stopped by Jake Oettinger without a rebound.
1:41 of 2nd period - Logan Couture wins face-off versus Brayden Point in Washington Capitals zone.
2:31 of 2nd period - Minor Penalty to Ian Cole for Interference.
2:32 of 2nd period - Anze Kopitar wins face-off versus Michael Mcleod in Washington Capitals zone.
2:47 of 2nd period - Wrist shot by Roope Hintz.
2:47 of 2nd period - Shot Misses the Net.
2:49 of 2nd period - Wrist shot by Moritz Seider.
2:49 of 2nd period - Shot Misses the Net.
3:07 of 2nd period - Isac Lundestrom is hit by Travis Konecny and loses puck.
4:31 of 2nd period - Penalty to Ian Cole is over, Ian Cole is back on ice.
5:18 of 2nd period - Isac Lundestrom is hit by Darnell Nurse and loses puck.
5:31 of 2nd period - Snap shot by Dominik Kubalik.
5:31 of 2nd period - Stopped by Filip Gustavsson with a rebound.
6:17 of 2nd period - Gustav Nyquist is hit by Nick Foligno and loses puck.
6:36 of 2nd period - Drake Batherson is hit by Vladislav Gavrikov and loses puck.
7:32 of 2nd period - Slapshot by Trevor Moore.
7:32 of 2nd period - Stopped by Jake Oettinger without a rebound.
7:33 of 2nd period - Brayden Point wins face-off versus Roope Hintz in Washington Capitals zone.
7:38 of 2nd period - Wrist shot by Alex Ovechkin.
7:38 of 2nd period - Stopped by Filip Gustavsson without a rebound.
7:39 of 2nd period - Brayden Point wins face-off versus Tomas Hertl in Tampa Bay Lightning zone.
8:26 of 2nd period - Brad Marchand is hit by Anze Kopitar and loses puck.
8:31 of 2nd period - Wrist shot by Johnny Gaudreau.
8:31 of 2nd period - Shot Misses the Net.
8:37 of 2nd period - Slapshot by Kirill Kaprizov.
8:37 of 2nd period - Stopped by Jake Oettinger with a rebound.
8:47 of 2nd period - Thomas Harley is hit by Tomas Hertl and loses puck.
9:16 of 2nd period - Dominik Kubalik is hit by Kirill Kaprizov and loses puck.
10:18 of 2nd period - Icing by Michael Mcleod.
10:19 of 2nd period - Isac Lundestrom wins face-off versus Blake Lizotte in Washington Capitals zone.
10:24 of 2nd period - Snap shot by Nick Foligno.
10:24 of 2nd period - Deflect By Jordan Kyrou.
10:24 of 2nd period - Stopped by Filip Gustavsson with a rebound.
10:26 of 2nd period - Slapshot by Ian Cole.
10:26 of 2nd period - Shot Blocked by Hampus Lindholm.
10:28 of 2nd period - Slapshot by Nick Foligno.
10:28 of 2nd period - Stopped by Filip Gustavsson without a rebound.
10:29 of 2nd period - Logan Couture wins face-off versus Brayden Point in Tampa Bay Lightning zone.
10:29 of 2nd period - Logan Couture is hit by Alex Ovechkin.
10:35 of 2nd period - John Carlson is hit by Logan Couture and loses puck.
10:42 of 2nd period - Wrist shot by Travis Konecny.
10:42 of 2nd period - Stopped by Jake Oettinger without a rebound.
10:43 of 2nd period - Brayden Point wins face-off versus Logan Couture in Washington Capitals zone.
10:54 of 2nd period - Slapshot by John Carlson.
10:54 of 2nd period - Stopped by Filip Gustavsson with a rebound.
11:18 of 2nd period - Snap shot by Dominik Kubalik.
11:18 of 2nd period - Deflect By Drake Batherson.
11:18 of 2nd period - Shot Misses the Net.
11:18 of 2nd period - Puck is out of play.
11:19 of 2nd period - Anze Kopitar wins face-off versus Dominik Kubalik in Tampa Bay Lightning zone.
11:32 of 2nd period - Snap shot by Kirill Kaprizov.
11:32 of 2nd period - Shot Blocked by Erik Johnson.
11:51 of 2nd period - Travis Konecny is hit by Alex Ovechkin and loses puck.
12:34 of 2nd period - Wrist shot by Gustav Nyquist.
12:34 of 2nd period - Shot Blocked by Ian Cole.
12:36 of 2nd period - Slapshot by Hampus Lindholm.
12:36 of 2nd period - Stopped by Jake Oettinger with a rebound.
12:42 of 2nd period - Minor Penalty to Ian Cole for Hooking.
12:43 of 2nd period - Anze Kopitar wins face-off versus Michael Mcleod in Washington Capitals zone.
14:42 of 2nd period - Penalty to Ian Cole is over, Ian Cole is back on ice.
14:47 of 2nd period - Nico Hischier is hit by Trevor Moore and loses puck.
15:10 of 2nd period - Backhand shot by Dominik Kubalik.
15:10 of 2nd period - Goal by Dominik Kubalik - Washington Capitals : 1 - Tampa Bay Lightning : 0.
15:11 of 2nd period - Logan Couture wins face-off versus Brayden Point in neutral zone.
15:14 of 2nd period - Slapshot by Moritz Seider.
15:14 of 2nd period - Stopped by Jake Oettinger with a rebound.
15:16 of 2nd period - Slapshot by Moritz Seider.
15:16 of 2nd period - Deflect By Brayden Point.
15:16 of 2nd period - Stopped by Jake Oettinger with a rebound.
16:21 of 2nd period - Wrist shot by Gustav Nyquist.
16:21 of 2nd period - Stopped by Jake Oettinger with a rebound.
16:29 of 2nd period - Snap shot by Gustav Nyquist.
16:29 of 2nd period - Shot Misses the Net.
16:31 of 2nd period - Wrist shot by Blake Lizotte.
16:31 of 2nd period - Stopped by Jake Oettinger with a rebound.
17:11 of 2nd period - Wrist shot by Brad Marchand.
17:11 of 2nd period - Stopped by Filip Gustavsson with a rebound.
17:57 of 2nd period - Wrist shot by Jordan Kyrou.
17:57 of 2nd period - Shot Misses the Net.
17:59 of 2nd period - Slapshot by Nick Jensen.
17:59 of 2nd period - Shot Blocked by Michael Matheson.
18:01 of 2nd period - Snap shot by Jordan Kyrou.
18:01 of 2nd period - Stopped by Filip Gustavsson without a rebound.
18:02 of 2nd period - Anze Kopitar wins face-off versus Brayden Point in Tampa Bay Lightning zone.
18:54 of 2nd period - Wrist shot by Trevor Moore.
18:54 of 2nd period - Stopped by Jake Oettinger with a rebound.
18:56 of 2nd period - Slapshot by Hampus Lindholm.
18:56 of 2nd period - Deflect By Gustav Nyquist.
18:56 of 2nd period - Stopped by Jake Oettinger without a rebound.
18:57 of 2nd period - Blake Lizotte wins face-off versus Brayden Point in Washington Capitals zone.
19:08 of 2nd period - Wrist shot by Brayden Point.
19:08 of 2nd period - Stopped by Filip Gustavsson without a rebound.
19:09 of 2nd period - Jason Robertson wins face-off versus Anze Kopitar in Tampa Bay Lightning zone.
19:16 of 2nd period - Slapshot by Jason Robertson.
19:16 of 2nd period - Stopped by Filip Gustavsson without a rebound.
19:17 of 2nd period - Anze Kopitar wins face-off versus Brayden Point in Tampa Bay Lightning zone.
19:21 of 2nd period - Off-side.
19:22 of 2nd period - Brayden Point wins face-off versus Anze Kopitar in neutral zone.
19:49 of 2nd period - Nico Hischier is hit by Travis Konecny and loses puck.
Goals for this period are 1 for Washington Capitals vs 0 for Tampa Bay Lightning.
Shots for this period are 10 for Washington Capitals vs 11 for Tampa Bay Lightning.
3rd period
0:01 of 3rd period - Brayden Point wins face-off versus Anze Kopitar in neutral zone.
0:05 of 3rd period - Minor Penalty to Hampus Lindholm for High sticking.
0:06 of 3rd period - Dylan Cozens wins face-off versus Brayden Point in Tampa Bay Lightning zone.
0:21 of 3rd period - Snap shot by Brayden Point.
0:21 of 3rd period - Shot Blocked by Darnell Nurse.
0:23 of 3rd period - Wrist shot by Brayden Point.
0:23 of 3rd period - Shot Misses the Net.
2:05 of 3rd period - Penalty to Hampus Lindholm is over, Hampus Lindholm is back on ice.
2:09 of 3rd period - Ryan Graves is hit by Isac Lundestrom.
2:18 of 3rd period - Logan Couture is hit by Erik Johnson and loses puck.
2:31 of 3rd period - Thomas Harley is hit by Johnny Gaudreau and loses puck.
3:01 of 3rd period - Nick Jensen is hit by Ryan Graves.
3:37 of 3rd period - Jordan Kyrou is hit by Hampus Lindholm and loses puck.
4:03 of 3rd period - Icing by Logan Couture.
4:04 of 3rd period - Logan Couture wins face-off versus Brayden Point in Tampa Bay Lightning zone.
4:25 of 3rd period - Snap shot by Owen Tippett.
4:25 of 3rd period - Shot Misses the Net.
5:09 of 3rd period - Tomas Hertl is hit by Drake Batherson and loses puck.
6:20 of 3rd period - Wrist shot by Drake Batherson.
6:20 of 3rd period - Stopped by Filip Gustavsson with a rebound.
6:22 of 3rd period - Slapshot by Michael Mcleod.
6:22 of 3rd period - Deflect By Drake Batherson.
6:22 of 3rd period - Stopped by Filip Gustavsson with a rebound.
6:24 of 3rd period - Slapshot by Nick Jensen.
6:24 of 3rd period - Shot Misses the Net.
6:54 of 3rd period - Snap shot by Roope Hintz.
6:54 of 3rd period - Shot Misses the Net.
6:56 of 3rd period - Backhand shot by Tyler Toffoli.
6:56 of 3rd period - Stopped by Jake Oettinger with a rebound.
6:58 of 3rd period - Slapshot by Roope Hintz.
6:58 of 3rd period - Shot Misses the Net.
7:16 of 3rd period - Wrist shot by Travis Konecny.
7:16 of 3rd period - Shot Misses the Net.
7:28 of 3rd period - Wrist shot by Johnny Gaudreau.
7:28 of 3rd period - Stopped by Jake Oettinger with a rebound.
7:30 of 3rd period - Snap shot by Kirill Kaprizov.
7:30 of 3rd period - Shot Misses the Net.
7:32 of 3rd period - Slapshot by Johnny Gaudreau.
7:32 of 3rd period - Stopped by Jake Oettinger with a rebound.
7:34 of 3rd period - Snap shot by Vladislav Gavrikov.
7:34 of 3rd period - Stopped by Jake Oettinger without a rebound.
7:35 of 3rd period - Brayden Point wins face-off versus Logan Couture in Washington Capitals zone.
7:37 of 3rd period - Minor Penalty to Ian Cole for Hooking.
7:38 of 3rd period - Anze Kopitar wins face-off versus Michael Mcleod in Washington Capitals zone.
8:18 of 3rd period - Travis Konecny is hit by John Carlson and loses puck.
9:37 of 3rd period - Penalty to Ian Cole is over, Ian Cole is back on ice.
9:43 of 3rd period - Gustav Nyquist is hit by Ian Cole and loses puck.
10:45 of 3rd period - Vladislav Gavrikov is hit by Brad Marchand and loses puck.
12:46 of 3rd period - John Carlson is hit by Blake Lizotte and loses puck.
13:03 of 3rd period - Slapshot by Ian Cole.
13:03 of 3rd period - Shot Misses the Net.
13:05 of 3rd period - Snap shot by Dominik Kubalik.
13:05 of 3rd period - Shot Blocked by Ryan Graves.
13:07 of 3rd period - Slapshot by John Carlson.
13:07 of 3rd period - Shot Blocked by Ryan Graves.
13:22 of 3rd period - Tyler Toffoli is hit by Alex Ovechkin and loses puck.
13:55 of 3rd period - Wrist shot by Dominik Kubalik.
13:55 of 3rd period - Stopped by Filip Gustavsson without a rebound.
13:56 of 3rd period - Blake Lizotte wins face-off versus Michael Mcleod in Tampa Bay Lightning zone.
14:05 of 3rd period - Slapshot by Trevor Moore.
14:05 of 3rd period - Shot Misses the Net.
14:07 of 3rd period - Slapshot by Darnell Nurse.
14:07 of 3rd period - Shot Blocked by John Carlson.
14:09 of 3rd period - Slapshot by Moritz Seider.
14:09 of 3rd period - Stopped by Jake Oettinger with a rebound.
14:11 of 3rd period - Snap shot by Blake Lizotte.
14:11 of 3rd period - Shot Misses the Net.
14:13 of 3rd period - Slapshot by Gustav Nyquist.
14:13 of 3rd period - Shot Misses the Net.
14:15 of 3rd period - Slapshot by Moritz Seider.
14:15 of 3rd period - Shot Misses the Net.
14:17 of 3rd period - Slapshot by Blake Lizotte.
14:17 of 3rd period - Goal by Blake Lizotte - Washington Capitals : 1 - Tampa Bay Lightning : 1.
14:18 of 3rd period - Logan Couture wins face-off versus Brayden Point in neutral zone.
14:27 of 3rd period - Snap shot by Jason Robertson.
14:27 of 3rd period - Shot Blocked by Darnell Nurse.
14:29 of 3rd period - Snap shot by Ian Cole.
14:29 of 3rd period - Stopped by Filip Gustavsson with a rebound.
14:31 of 3rd period - Slapshot by John Carlson.
14:31 of 3rd period - Shot Blocked by Darnell Nurse.
14:51 of 3rd period - Snap shot by Dominik Kubalik.
14:51 of 3rd period - Shot Blocked by Travis Konecny.
14:53 of 3rd period - Slapshot by Thomas Harley.
14:53 of 3rd period - Stopped by Filip Gustavsson without a rebound.
14:54 of 3rd period - Anze Kopitar wins face-off versus Brayden Point in Tampa Bay Lightning zone.
15:09 of 3rd period - Snap shot by Brayden Point.
15:09 of 3rd period - Deflect By Alex Ovechkin.
15:09 of 3rd period - Stopped by Filip Gustavsson with a rebound.
15:57 of 3rd period - Snap shot by Johnny Gaudreau.
15:57 of 3rd period - Goal by Johnny Gaudreau - Washington Capitals : 1 - Tampa Bay Lightning : 2.
15:58 of 3rd period - Anze Kopitar wins face-off versus Michael Mcleod in neutral zone.
16:13 of 3rd period - Snap shot by Kirill Kaprizov.
16:13 of 3rd period - Stopped by Jake Oettinger without a rebound.
16:14 of 3rd period - Tomas Hertl wins face-off versus Brayden Point in Washington Capitals zone.
16:15 of 3rd period - Wrist shot by Roope Hintz.
16:15 of 3rd period - Stopped by Jake Oettinger without a rebound.
16:16 of 3rd period - Tomas Hertl wins face-off versus Brayden Point in Washington Capitals zone.
16:31 of 3rd period - Snap shot by Jason Robertson.
16:31 of 3rd period - Stopped by Filip Gustavsson without a rebound.
16:32 of 3rd period - Anze Kopitar wins face-off versus Michael Mcleod in Tampa Bay Lightning zone.
16:49 of 3rd period - Snap shot by Johnny Gaudreau.
16:49 of 3rd period - Shot Misses the Net.
16:56 of 3rd period - Icing by Ian Cole.
16:57 of 3rd period - Tomas Hertl wins face-off versus Brayden Point in Washington Capitals zone.
17:02 of 3rd period - Slapshot by Tyler Toffoli.
17:02 of 3rd period - Deflect By Roope Hintz.
17:02 of 3rd period - Shot Blocked by Ian Cole.
17:02 of 3rd period - Puck is out of play.
17:03 of 3rd period - Tomas Hertl wins face-off versus Brayden Point in Washington Capitals zone.
17:14 of 3rd period - Wrist shot by Brayden Point.
17:14 of 3rd period - Stopped by Filip Gustavsson with a rebound.
17:16 of 3rd period - Backhand shot by Ian Cole.
17:16 of 3rd period - Stopped by Filip Gustavsson without a rebound.
17:17 of 3rd period - Anze Kopitar wins face-off versus Michael Mcleod in Tampa Bay Lightning zone.
17:22 of 3rd period - Michael Mcleod is hit by Anze Kopitar and loses puck.
17:31 of 3rd period - Snap shot by Kirill Kaprizov.
17:31 of 3rd period - Shot Blocked by John Carlson.
17:33 of 3rd period - Snap shot by Anze Kopitar.
17:33 of 3rd period - Stopped by Jake Oettinger without a rebound.
17:34 of 3rd period - Brayden Point wins face-off versus Tomas Hertl in Washington Capitals zone.
17:43 of 3rd period - Snap shot by Brayden Point.
17:43 of 3rd period - Stopped by Filip Gustavsson with a rebound.
18:07 of 3rd period - Snap shot by Hampus Lindholm.
18:07 of 3rd period - Stopped by Jake Oettinger with a rebound.
18:59 of 3rd period - Washington Capitals, Jake Oettinger is pulled from the net.
19:14 of 3rd period - Off-side.
19:15 of 3rd period - Ken Hitchcock call a timeout for Washington Capitals.
19:15 of 3rd period - Brayden Point wins face-off versus Anze Kopitar in neutral zone.
19:20 of 3rd period - Ian Cole is hit by Kirill Kaprizov and loses puck.
19:38 of 3rd period - Snap shot by Brayden Point.
19:38 of 3rd period - Shot Blocked by Anze Kopitar.
Goals for this period are 0 for Washington Capitals vs 2 for Tampa Bay Lightning.
Shots for this period are 10 for Washington Capitals vs 11 for Tampa Bay Lightning.
Back to the Top